 Dungeon Crawl Stone Soup version 0.22-a0-252-gcace5d2 (webtiles) character file.

19201 b5mith the Carver (level 12, -7/169 HPs)
             Began as a Minotaur Berserker on Mar 1, 2018.
             Was a High Priest of Trog.
             Shot with an arrow by a deep elf archer (23 damage)
             ... on level 13 of the Dungeon.
             The game lasted 00:44:56 (14436 turns).

b5mith the Carver (Minotaur Berserker)             Turns: 14436, Time: 00:44:56

Health: -7/169     AC: 26    Str: 26    XL:     12   Next: 34%
Magic:  11/11      EV:  2    Int:  4    God:    Trog [*****.]
Gold:   456        SH:  0    Dex: 11    Spells: 11/11 levels left

rFire    . . .     SeeInvis +   G - +2 long sword (slice)
rCold    . . .     Gourm    +   (no shield)
rNeg     + + +     Faith    .   (armour currently unavailable)
rPois    +         Spirit   .   (helmet currently unavailable)
rElec    .         Reflect  .   (cloak currently unavailable)
rCorr    .         Harm     .   (gloves currently unavailable)
MR       +....     NoTele   +   (boots currently unavailable)
Stlth    +.........             z - amulet of the gourmand
HPRegen  0.38/turn              r - ring of protection from magic
MPRegen  0.12/turn              T - ring of see invisible

@: confused, lethally poisoned (-7 -> -7), tree-form, berserk cooldown, very
slightly contaminated
A: (retaliatory headbutt)
a: Berserk, Trog's Hand, Brothers in Arms, Renounce Religion


You were on level 13 of the Dungeon.
You worshipped Trog.
Trog was extremely pleased with you.
You were full.
You were a tree.
You visited 1 branch of the dungeon, and saw 14 of its levels.
You visited 1 bazaar.
You also visited: Sewer.

You collected 618 gold pieces.
You spent 162 gold pieces at shops.

Inventory:

Hand Weapons
 F - a +1 falchion of holy wrath
 G - a +2 long sword of slicing (weapon)
Missiles
 V - 7 javelins
 W - 4 poisoned tomahawks (quivered)
Armour
 u - a +1 ring mail of positive energy
 y - a +0 ring mail
 D - a +0 plate armour (melded)
 N - a +2 cloak (melded)
 O - a +3 scale mail of fire resistance
 R - a +2 ring mail of fire resistance
 S - a +1 pair of gloves of strength (melded)
Jewellery
 r - a ring of protection from magic (left branch)
 z - an amulet of the gourmand (around neck)
 K - an uncursed ring of protection from fire
 Q - an uncursed ring of poison resistance
 T - a ring of see invisible (right branch)
 Z - an uncursed ring of resist corrosion
Wands
 a - a wand of digging (7)
 k - a wand of paralysis (13)
 l - a wand of iceblast (26)
 E - a wand of enslavement (16)
 L - a wand of polymorph (8)
 P - a wand of clouds (2)
Scrolls
 b - a scroll of identify {@r1}
 d - 2 scrolls of fear
 e - 2 scrolls of random uselessness {unknown}
 f - a scroll of noise {unknown}
 g - a scroll of blinking
 h - 7 scrolls of teleportation
 i - 4 scrolls of remove curse {@r2}
 A - 4 scrolls of magic mapping
 B - a scroll of enchant weapon {unknown}
 I - 3 scrolls of amnesia {unknown}
 M - 4 scrolls of vulnerability
 U - a scroll of holy word {unknown}
Potions
 j - 2 potions of curing {@q1}
 m - 4 potions of ambrosia
 n - 4 potions of brilliance
 o - 2 potions of might {unknown}
 p - 2 potions of agility
 q - 4 potions of lignification
 s - 4 potions of mutation
 v - 5 potions of flight
 w - 3 potions of magic {unknown}
 x - 3 potions of degeneration {unknown}
 C - 2 potions of haste {unknown}
 H - 2 potions of berserk rage {unknown}
 J - a potion of resistance {unknown}
Comestibles
 c - 24 rations


   Skills:
 + Level 12.5 Fighting
 + Level 12.5 Long Blades
 + Level 12.3 Armour
 + Level 11.4 Dodging


You had 11 spell levels left.
You didn't know any spells.

Dungeon Overview and Level Annotations

Branches:
Dungeon (14/15)            Temple (0/1) D:6            Lair (0/6) D:11
    Orc (0/2) D:11
 Vaults: D:13-14

Altars:
Nemelex Xobeh
Qazlal
Uskayaw
Vehumet
Xom
Zin
The Shining One


Innate Abilities, Weirdness & Mutations

((You reflexively headbutt those who attack you in melee.))
((You have a pair of horns on your head.))


Message History

You cannot move. (Use ctrl+direction to attack without moving.)
You cannot move. (Use ctrl+direction to attack without moving.)
You cannot move. (Use ctrl+direction to attack without moving.)
You cannot move. (Use ctrl+direction to attack without moving.)
You cannot move. (Use ctrl+direction to attack without moving.)
You cannot move. (Use ctrl+direction to attack without moving.)
You cannot move. (Use ctrl+direction to attack without moving.)
You cannot move. (Use ctrl+direction to attack without moving.)
You cannot move. (Use ctrl+direction to attack without moving.)
You cannot move. (Use ctrl+direction to attack without moving.)
You cannot move. (Use ctrl+direction to attack without moving.)
You cannot move. (Use ctrl+direction to attack without moving.)
You cannot move. (Use ctrl+direction to attack without moving.)
You cannot move. (Use ctrl+direction to attack without moving.)
You nearly hit yourself!
You feel yourself speed up.
You feel sick.
The hornet stings you but does no damage.
The deep elf archer shoots an arrow.
The arrow hits you!!
You die...

a..#.......##.....# #.#
.....)..#...(.....# #.#
...####(..###.>...#### #.#
.......(..........#.c. #H#
.......(##..#.....#.l.#.#
...((...((((......####e#
......((###.......#.#e#.#
..#####...(.#.....##)#.#.#
. ####.###....e♣.#(#..#c#
###<..........y..#(#### #
#......#....#....e(#
......#....#.####.###
.#####.....#.# #.# #..####
#.# ..## #.# .... #.# ....
#.#


You could see 2 deep elf archers and a hornet.

Vanquished Creatures
  Erolcha (D:11)
  Harold (D:11)
  A hydra (D:13)
  A centaur warrior (D:13)
  5 two-headed ogres
  Urug (D:11)
  A deep elf mage (D:12)
  2 ugly things
  A guardian serpent (D:10)
  Maurice (D:8)
  Psyche (D:11)
  2 komodo dragons
  A yaktaur (D:13)
  3 trolls
  5 slime creatures (D:13)
  A hippogriff (D:11)
  Sigmund (D:3)
  A shadow (D:13)
  Eustachio (D:5)
  2 wraiths (D:11)
  4 yaks (D:12)
  Grum (D:9)
  A sky beast (D:7)
  3 black bears (D:9)
  2 phantoms
  4 orc warriors
  A necrophage (D:10)
  7 ogres
  2 ice beasts
  6 wolves
  2 centaurs
  A crocodile (D:10)
  4 big kobolds
  7 bullfrogs
  A gnoll sergeant (D:9)
  A scorpion (D:7)
  9 killer bees
  3 electric eels (D:11)
  3 centaur zombies
  3 howler monkeys (D:10)
  3 crimson imps
  A bullfrog zombie (D:6)
  3 centaur skeletons
  A bullfrog skeleton (D:5)
  5 orc priests
  Crazy Yiuf (D:5)
  7 hounds
  2 iguanas
  2 jellies
  12 orc wizards
  Ijyb (D:5)
  Natasha (thrice) (D:3)
  10 worker ants
  A killer bee zombie (D:10)
  2 hound zombies
  Robin (D:2)
  12 gnolls
  12 adders
  A river rat (Sewer)
  3 shadow imps
  3 oozes
  4 worms
  A dart slug (D:2)
  5 leopard geckos
  29 orcs
  5 ball pythons
  5 bats
  6 giant cockroaches
  10 hobgoblins
  9 jackals
  4 quokkas
  A frilled lizard (D:1)
  15 goblins
  3 jackal skeletons (D:4)
  23 kobolds
  A leopard gecko skeleton (D:4)
  A quokka skeleton (D:4)
  15 rats
321 creatures vanquished.

Vanquished Creatures (others)
  A fungus (D:5)
1 creature vanquished.

Grand Total: 322 creatures vanquished

Notes
Turn   | Place    | Note
-------+----------+-------------------------------------------
     0 | D:1      | b5mith the Minotaur Berserker began the quest for the Orb.
     0 | D:1      | Reached XP level 1. HP: 19/19 MP: 0/0
   166 | D:1      | Reached XP level 2. HP: 24/27 MP: 1/1
   732 | D:2      | Reached XP level 3. HP: 32/33 MP: 2/2
  1102 | D:2      | Noticed Robin
  1114 | D:2      | Reached ** piety under Trog
  1116 | D:2      | Killed Robin
  1127 | D:2      | Reached XP level 4. HP: 20/41 MP: 3/3
  2127 | D:3      | Noticed Natasha
  2135 | D:3      | Killed Natasha
  2191 | D:3      | Reached XP level 5. HP: 35/47 MP: 4/4
  2205 | D:3      | Noticed Natasha
  2208 | D:3      | Noticed Sigmund
  2218 | D:3      | Killed Natasha
  2221 | D:3      | Killed Sigmund
  2221 | D:3      | Reached skill level 5 in Fighting
  2221 | D:3      | Reached skill level 5 in Long Blades
  2221 | D:3      | Reached XP level 6. HP: 10/56 MP: 5/5
  2369 | D:3      | Found a glowing drain.
  2399 | Sewer    | Entered a sewer
  2953 | Sewer    | Reached *** piety under Trog
  3003 | Sewer    | Reached skill level 5 in Armour
  3357 | D:3      | Reached XP level 7. HP: 54/62 MP: 6/6
  3412 | D:3      | Noticed Natasha
  3414 | D:3      | Killed Natasha
  4082 | D:4      | Reached skill level 5 in Dodging
  4976 | D:5      | Entered Level 5 of the Dungeon
  4980 | D:5      | Noticed Ijyb
  4992 | D:5      | Killed Ijyb
  4992 | D:5      | Reached XP level 8. HP: 71/71 MP: 7/7
  5003 | D:5      | Noticed Eustachio
  5056 | D:5      | Killed Eustachio
  5559 | D:5      | Reached **** piety under Trog
  5568 | D:5      | Found a runed door.
  5572 | D:5      | Noticed Crazy Yiuf
  5579 | D:5      | Killed Crazy Yiuf
  5975 | D:6      | Found a staircase to the Ecumenical Temple.
  6508 | D:7      | Reached XP level 9. HP: 68/81 MP: 8/8
  7207 | D:8      | Noticed a two-headed ogre
  7219 | D:8      | Killed a two-headed ogre
  7664 | D:8      | Found a radiant altar of Vehumet.
  7676 | D:8      | Noticed Maurice
  7702 | D:8      | Killed Maurice
  7870 | D:8      | Found a faded altar of an unknown god.
  7870 | D:8      | Found a stormy altar of Qazlal.
  7876 | D:8      | Found a glowing golden altar of the Shining One.
  7878 | D:8      | Found a shimmering altar of Xom.
  7880 | D:8      | Found a glowing silver altar of Zin.
  8205 | D:9      | Reached XP level 10. HP: 81/91 MP: 9/9
  8322 | D:9      | Reached ***** piety under Trog
  8475 | D:9      | Found a sparkling altar of Nemelex Xobeh.
  8488 | D:9      | Noticed Grum
  8518 | D:9      | Killed Grum
  8944 | D:9      | Noticed a two-headed ogre
  8964 | D:9      | Killed a two-headed ogre
  8964 | D:9      | Reached skill level 10 in Fighting
  9400 | D:9      | Received a gift from Trog
  9471 | D:9      | Reached skill level 10 in Long Blades
  9608 | D:10     | Entered Level 10 of the Dungeon
  9803 | D:10     | Noticed a two-headed ogre
  9815 | D:10     | Killed a two-headed ogre
  9815 | D:10     | Reached skill level 10 in Armour
 10270 | D:10     | Noticed a guardian serpent
 10288 | D:10     | Killed a guardian serpent
 10718 | D:10     | Received a gift from Trog
 10964 | D:11     | Reached XP level 11. HP: 94/101 MP: 10/10
 11101 | D:11     | Noticed a red ugly thing
 11116 | D:11     | Killed a red ugly thing
 11254 | D:11     | Noticed Urug
 11278 | D:11     | Killed Urug
 11562 | D:11     | Found a staircase to the Lair.
 11592 | D:11     | Noticed Erolcha
 11609 | D:11     | Killed Erolcha
 11609 | D:11     | Reached skill level 10 in Dodging
 11861 | D:11     | Noticed Harold
 11888 | D:11     | Killed Harold
 12045 | D:11     | Noticed a two-headed ogre
 12056 | D:11     | Killed a two-headed ogre
 12287 | D:11     | Found a staircase to the Orcish Mines.
 12348 | D:11     | Noticed Psyche
 12357 | D:11     | Killed Psyche
 12969 | D:12     | Found a hide-covered altar of Uskayaw.
 13253 | D:12     | Noticed a two-headed ogre
 13269 | D:12     | Killed a two-headed ogre
 13328 | D:12     | Noticed a deep elf mage
 13355 | D:12     | Killed a deep elf mage
 13439 | D:12     | Reached XP level 12. HP: 105/112 MP: 11/11
 13552 | D:12     | Found a flickering gateway to a bazaar.
 13836 | Bazaar   | Entered a bazaar
 13864 | Bazaar   | Found Taloth's Magic Scroll Emporium.
 13864 | Bazaar   | Found Musyllo's Assorted Antiques.
 13885 | Bazaar   | Found Nogaps's Antique Armour Emporium.
 13900 | Bazaar   | Found Taggaunk's Magic Scroll Emporium.
 13900 | Bazaar   | Found Yrrilar's Antique Weapon Shoppe.
 14035 | Bazaar   | Bought a scroll of teleportation for 36 gold pieces
 14035 | Bazaar   | Bought a scroll of blinking for 90 gold pieces
 14035 | Bazaar   | Bought a scroll of teleportation for 36 gold pieces
 14141 | D:13     | Received a gift from Trog
 14375 | D:13     | Noticed a centaur warrior
 14382 | D:13     | Noticed a four-headed hydra
 14389 | D:13     | Killed a centaur warrior
 14406 | D:13     | Killed a nine-headed hydra
 14419 | D:13     | Noticed an ettin
 14426 | D:13     | HP: 5/113 [ettin/dire flail (19)]
 14431 | D:13     | HP: 1/113 [hornet (6)]
 14431 | D:13     | Paralysed by a hornet for 2 turns
 14436 | D:13     | Shot with an arrow by a deep elf archer

Vault maps used:
D:1:      nzn_arrival_crosshair, minmay_tromino_i2
D:2:      uniq_robin
D:3:      portal_sewer_entry_a, uniq_natasha, uniq_sigmund
D:4:      first_ration
D:5:      uniq_eustachio, uniq_ijyb, uniq_crazy_yiuf_cottage
D:6:      temple_fountains
D:8:      chequers_temple_overflow_minitemple, basic_altar, grunt_ogre_cave,
          uniq_maurice
D:9:      nemelex_lonely_heart_becter, uniq_grum
D:10:     hangedman_decor_diamond_cutter, nrook_guardian_serpent_ordinary
D:11:     erik_lair_island, orc_0_dummy, uniq_urug, uniq_psyche, uniq_harold,
          uniq_erolcha
D:12:     basic_altar, serial_shops, bzr_entry_gold
D:13:     minmay_tearing_corner, erik_vaults_1
D:14:     minmay_misc_feat_cross, nicolae_gozag_cash_rules_everything_around_me
Bazaar:   bazaar_long_row
Sewer:    sewer_co_15_rooms

Skill      XL: |  1  2  3  4  5  6  7  8  9 10 11 12 |
---------------+-------------------------------------+-----
Fighting       | 4 5 6 7 9 10 12 | 12.5
Long Blades    | 4 5 6 7 9 10 12 | 12.5
Armour         | 3 4 5 6 7 9 10 11 12 | 12.3
Dodging        | 3 4 5 6 8 9 10 11 | 11.4

Action                   |  1- 3 |  4- 6 |  7- 9 | 10-12 || total
-------------------------+-------+-------+-------+-------++-------
Melee: Falchion          |    62 |   138 |   352 |   431 ||   983
       Headbutt          |    13 |    19 |   101 |   137 ||   270
       Long sword        |       |       |       |    84 ||    84
Throw: Tomahawk          |       |       |       |     8 ||     8
       Javelin           |       |       |       |    11 ||    11
Invok: Berserk           |     1 |     2 |     2 |     8 ||    13
       Trog's Hand       |       |       |       |     1 ||     1
Evoke: Wand              |       |       |       |     1 ||     1
  Use: Scroll            |       |     3 |     8 |    10 ||    21
       Potion            |       |       |     1 |     6 ||     7
  Eat: Ration            |     1 |     1 |       |       ||     2
       Chunk             |       |     4 |    31 |    26 ||    61
Armor: Animal skin       |     9 |     7 |     2 |       ||    18
       Ring mail         |       |       |    14 |     1 ||    15
       Plate armour      |       |       |   126 |   251 ||   377
       Skin              |       |       |       |     2 ||     2
Dodge: Dodged            |    38 |    98 |   161 |   296 ||   593
       Rpst.: Falchion   |     7 |    20 |    43 |    50 ||   120
       Long sword        |       |       |       |    14 ||    14

Table legend:
 A = Spawn XP
 B = Non-spawn XP
 C = Spawn XP percentage of total XP
 D = Spawn monster count
 E = Non-spawn monster count
 F = Spawn count percentage of total count
 G = Total turns spent on level
                    A         B        C        D         E        F      G
               +---------+---------+-------+---------+---------+-------+---------
         Total |       0 |   27431 |   0.0 |       0 |     321 |   0.0 | 14436
               +---------+---------+-------+---------+---------+-------+---------
           D:1 |       0 |      30 |   0.0 |       0 |      15 |   0.0 |   627
           D:2 |       0 |     110 |   0.0 |       0 |      41 |   0.0 |  1500
           D:3 |       0 |     395 |   0.0 |       0 |      22 |   0.0 |   461
           D:4 |       0 |     629 |   0.0 |       0 |      26 |   0.0 |  1483
           D:5 |       0 |     652 |   0.0 |       0 |      11 |   0.0 |   637
           D:6 |       0 |     348 |   0.0 |       0 |      13 |   0.0 |   663
           D:7 |       0 |     711 |   0.0 |       0 |      18 |   0.0 |   698
           D:8 |       0 |    2097 |   0.0 |       0 |      21 |   0.0 |  1162
           D:9 |       0 |    2420 |   0.0 |       0 |      24 |   0.0 |  1472
          D:10 |       0 |    3213 |   0.0 |       0 |      38 |   0.0 |  1298
          D:11 |       0 |    7867 |   0.0 |       0 |      34 |   0.0 |  2047
          D:12 |       0 |    3822 |   0.0 |       0 |      18 |   0.0 |   917
          D:13 |       0 |    4889 |   0.0 |       0 |      23 |   0.0 |   307
         Sewer |       0 |     248 |   0.0 |       0 |      17 |   0.0 |   905
               +---------+---------+-------+---------+---------+-------+---------
